 Dungeon Crawl Stone Soup version 0.23-a0-714-g00c90a0c22 (webtiles) character file.

63 Roran the Changer (level 4, 0/38 HPs)
             Began as a Naga Transmuter on Jan 16, 2019.
             Succumbed to an adder's poison
             ... on level 2 of the Dungeon.
             The game lasted 00:04:58 (1377 turns).

Roran the Changer (Naga Transmuter)                 Turns: 1377, Time: 00:04:59

Health: 0/38       AC:  2    Str: 13    XL:     4   Next: 9%
Magic:  7/7        EV: 15    Int: 14    God:
Gold:   96         SH:  0    Dex: 16    Spells: 6/7 levels left

rFire    . . .     SeeInvis +     - Unarmed
rCold    . . .     Gourm    .   (no shield)
rNeg     . . .     Faith    .   b - +0 robe
rPois    +         Spirit   .   (no helmet)
rElec    .         Reflect  .   (no cloak)
rCorr    .         Harm     .   (no gloves)
MR       .....                  (no barding)
Stlth    +++.......             (no amulet)
HPRegen  0.12/turn              (no ring)
MPRegen  0.10/turn              (no ring)

@: agile, lethally poisoned (0 -> -1), very slow
A: large, see invisible, deformed body, poison resistance, slowness 2, slow
metabolism 1, spit poison 1, AC +1
a: Spit Poison


You were on level 2 of the Dungeon.
You were not hungry.

You visited 1 branch of the dungeon, and saw 2 of its levels.

You collected 96 gold pieces.

Inventory:

Missiles
 a - 45 arrows
Armour
 b - a +0 robe (worn)
Scrolls
 e - a scroll of teleportation {unknown}
 f - a scroll of fear {unknown}
Comestibles
 c - 3 chunks of flesh
 d - 6 rations


   Skills:
 - Level 1.0 Fighting
 - Level 1.5 Dodging
 + Level 3.0 Stealth
 - Level 3.0 Unarmed Combat
 - Level 2.0 Spellcasting
 * Level 3.7 Transmutations


You had 6 spell levels left.
You knew the following spells:

 Your Spells              Type           Power        Failure   Level  Hunger
a - Beastly Appendage     Tmut           ##....       5%          1    ##.....

Your spell library contained the following spells:

 Spells                   Type           Power        Failure   Level  Hunger
 Sticks to Snakes         Tmut           ##......     8%          2    ###....
 Spider Form              Tmut/Pois      #.........   32%         3    ####...
 Ice Form                 Ice/Tmut       #.......     73%         4    #####..
 Blade Hands              Tmut           ##........   82%         5    ######.


Dungeon Overview and Level Annotations

Branches:
Dungeon (2/15)

Altars:
Qazlal


Innate Abilities, Weirdness & Mutations

You cannot wear boots.
Your serpentine skin is tough. (AC +1)
You have supernaturally acute eyesight. (SInv)
Armour fits poorly on your strangely shaped body.
Your system is resistant to poisons. (rPois)
You cover ground very slowly.
You have a slow metabolism.
You can spit poison.


Message History

The adder is severely wounded.
You feel slightly more hungry. The adder barely misses you.
You hit the adder.
You kill the adder!
Your Stealth skill increases to level 3!
You have reached level 4!
You feel clever.
* * * LOW HITPOINT WARNING * * *
You feel sick.
It was a potion of agility.
You feel agile all of a sudden.
You see here a jackal corpse.
You butcher the jackal corpse.
You have got your breath back.
* * * LOW HITPOINT WARNING * * *
You feel sick.
Things that are here:
2 chunks of flesh; a jackal skeleton You eat one of the 7 rations.
That ration really hit the spot!
You die...

..... #......... ..... ..
#......... ....
..##........ ..
........... # ..........#
.. #+ . ## ..........#
...#.##. #. .........!#
...#.... #. ........@#
#......####. ##..)....#
.#..#........ .........#
#.#..#.....##. .......%.#
#.#........##. ...##..)##
#.#..#...####. ...##..†##
#.#......####.
.........###.#........†..
.................###÷....
.........................


There were no monsters in sight!

Vanquished Creatures
  2 adders (D:2)
  2 oozes (D:1)
  A dart slug (D:2)
  A leopard gecko (D:1)
  6 hobgoblins (D:1)
  5 jackals (D:2)
  A ball python (D:1)
  A bat (D:2)
  A frilled lizard (D:1)
  3 goblins
  5 kobolds
  4 rats
32 creatures vanquished.

Notes
Turn   | Place    | Note
-------+----------+-------------------------------------------
     0 | D:1      | Roran the Naga Transmuter began the quest for the Orb.
     0 | D:1      | Reached XP level 1. HP: 18/18 MP: 3/3
    88 | D:1      | Reached skill level 1 in Stealth
    88 | D:1      | Reached XP level 2. HP: 20/25 MP: 3/5
   551 | D:1      | Reached XP level 3. HP: 31/31 MP: 6/6
  1172 | D:2      | Found a stormy altar of Qazlal.
  1367 | D:2      | HP: 1/31 [adder (4)]
  1370 | D:2      | Reached XP level 4. HP: 2/38 MP: 7/7
  1373 | D:2      | HP: 1/38 [poisoned by an adder]
  1377 | D:2      | Succumbed to an adder's poison

Vault maps used:
D:1:      lightli_arrival_noodles
D:2:      nicolae_qazlal_general_emergency, minmay_lizard_king, uniq_terence,
          uniq_sigmund

Skill      XL: |  1  2  3 |
---------------+----------+-----
Stealth        | 1 2 3 |  3.0
Transmutations | 3 |  3.7
Fighting       | |  1.0
Dodging        | |  1.5
Unarmed Combat | |  3.0
Spellcasting   | |  2.0

Action                   |  1- 3 |  4- 6 || total
-------------------------+-------+-------++-------
Melee: Unarmed           |    88 |       ||    88
       Headbutt          |     6 |       ||     6
       Punch             |     1 |       ||     1
 Cast: Beastly Appendage |     7 |       ||     7
 Abil: Spit Poison       |    25 |       ||    25
  Use: Potion            |     2 |     1 ||     3
  Eat: Chunk             |     2 |       ||     2
       Ration            |       |     1 ||     1
Armor: Robe              |    19 |       ||    19
Dodge: Dodged            |    50 |       ||    50

Table legend:
 A = Non-vault XP
 B = Vault XP
 C = Vault XP percentage of total XP
 D = Non-vault monster count
 E = Vault monster count
 F = Vault count percentage of total count
                 A         B        C        D         E       F
            +---------+---------+-------+---------+---------+-------
      Total |      90 |       0 |   0.0 |      32 |       0 |   0.0
            +---------+---------+-------+---------+---------+-------
        D:1 |      44 |       0 |   0.0 |      20 |       0 |   0.0
        D:2 |      46 |       0 |   0.0 |      12 |       0 |   0.0
            +---------+---------+-------+---------+---------+-------
